 Dungeon Crawl Stone Soup version 0.24-a0-429-g4608c8fa30 (webtiles) character file.

Game seed: 10144275408531439961

12518 KristoblXynda the Carver (level 11, -8/86 HPs)
             Began as a Green Draconian Gladiator on June 13, 2019.
             Was a High Priest of Okawaru.
             Mangled by a blink frog (20 damage)
             ... on level 1 of the Lair of Beasts.
             The game lasted 00:29:34 (13666 turns).

KristoblXynda the Carver (DrGl)                    Turns: 13666, Time: 00:29:34

Health: -8/86      AC: 13    Str: 16    XL:     11   Next: 63%
Magic:  17/17      EV: 19    Int:  9    God:    Okawaru [*****.]
Gold:   485        SH:  6    Dex: 19    Spells: 15/18 levels left

rFire    + . .     SeeInvis +   O - +3 scimitar (flame)
rCold    . . .     Gourm    .   a - +0 buckler
rNeg     . . .     Faith    .   (armour unavailable)
rPois    +         Spirit   .   b - +1 hat
rElec    .         Reflect  .   B - +1 cloak
rCorr    .         Harm     .   H - +2 pair of gloves {Dex+3}
MR       .....                  (no boots)
Stlth    ++........             p - amulet of rage
HPRegen  0.24/turn              u - ring of protection from fire
MPRegen  0.15/turn              I - ring of see invisible

@: no status effects
A: breathe noxious fumes, unfitting armour, poison resistance, cold-blooded, AC
+7
a: Breathe Noxious Fumes, Heroism, Finesse, Renounce Religion, Evoke Berserk
Rage


You were on level 1 of the Lair of Beasts.
You worshipped Okawaru.
Okawaru was extremely pleased with you.
You were not hungry.

You visited 3 branches of the dungeon, and saw 13 of its levels.
You also visited: Bailey.

You collected 699 gold pieces.
You spent 214 gold pieces at shops.

Inventory:

Hand Weapons
 D - a +0 scimitar
 O - a +3 scimitar of flaming (weapon)
Missiles
 c - 4 throwing nets
 g - 5 silver javelins
 C - 47 boomerangs (quivered)
 L - 6 silver boomerangs
Armour
 a - a +0 buckler (worn)
 b - a +1 hat (worn)
 B - a +1 cloak (worn)
 H - a +2 pair of gloves of dexterity (worn)
Magical Staves
 x - an uncursed staff of conjuration
Jewellery
 p - an amulet of rage (around neck)
 u - a ring of protection from fire (left hand)
 v - an uncursed ring of wizardry
 I - a ring of see invisible (right hand)
Wands
 q - a wand of acid (17)
Scrolls
 j - 2 scrolls of enchant armour
 k - 5 scrolls of teleportation
 o - a scroll of holy word
 t - 4 scrolls of blinking
 E - a scroll of remove curse
 G - a scroll of amnesia
 K - a scroll of immolation
 M - a scroll of magic mapping
 N - 3 scrolls of identify
Potions
 e - 6 potions of flight
 l - a potion of berserk rage
 m - 2 potions of mutation
 n - 4 potions of lignification
 s - 3 potions of heal wounds
 w - a potion of resistance
 z - 4 potions of brilliance
 A - a potion of curing
Miscellaneous
 J - a lightning rod (4/4)
Comestibles
 d - 29 rations


   Skills:
 - Level 5.0 Fighting
 + Level 9.9 Long Blades
 + Level 7.1 Throwing
 + Level 9.1 Dodging
 - Level 4.2 Shields
 + Level 4.4 Spellcasting
 - Level 5.5 Invocations
 - Level 5.3 Evocations


You had 15 spell levels left.
You knew the following spells:

 Your Spells              Type           Power        Failure   Level  Hunger
a - Regeneration          Chrm/Necr      #.........   61%         3    ###....

Your spell library contained the following spells:

 Spells                   Type           Power        Failure   Level  Hunger
 Animate Skeleton         Necr           N/A          26%         1    #......
 Corona                   Hex            #......      26%         1    #......
 Pain                     Necr           #...         26%         1    #......
 Slow                     Hex            #.......     36%         2    ##.....
 Inner Flame              Hex/Fire       #.......     61%         3    ###....
 Portal Projectile        Hex/Tloc       #.....       61%         3    ###....
 Recall                   Summ/Tloc      N/A          61%         3    ###....
 Vampiric Draining        Necr           #.........   61%         3    ###....
 Animate Dead             Necr           N/A          95%         4    #####..
 Cause Fear               Hex            #.........   95%         4    #####..
 Leda's Liquefaction      Hex/Erth       #.........   95%         4    #####..
 Aura of Abjuration       Summ           #.........   100%        5    ######.
 Summon Demon             Summ           #.........   100%        5    ######.
 Summon Forest            Summ/Tloc      #.........   100%        5    ######.
 Summon Mana Viper        Hex/Summ       #.......     100%        5    ######.
 Shadow Creatures         Summ           N/A          100%        6    #######


Dungeon Overview and Level Annotations

Branches:
Dungeon (11/15)            Temple (1/1) D:5            Lair (1/6) D:11
    Orc (0/2) D:9

Altars:
Ashenzari
Cheibriados
Dithmenos
Elyvilon
Fedhas
Gozag
Hepliaklqana
Kikubaaqudgha
Makhleb
Nemelex Xobeh
Okawaru
Qazlal
Ru
Sif Muna
Trog
Uskayaw
Vehumet
Wu Jian
Xom
Yredelemnul
Zin
The Shining One

Shops:
D:5 (   D:8 [   D:10 [


Innate Abilities, Weirdness & Mutations

You can breathe blasts of noxious fumes.
Your lurid green scales are hard. (AC +7)
You cannot fit into any form of body armour.
Your system is resistant to poisons. (rPois)
You are cold-blooded and may be slowed by cold attacks.


Message History

The blink frog barely misses you.
The blink frog hits you but does no damage.
You block the blink frog's attack. x2
You barely miss the blink frog.
The blink frog is moderately wounded.
The blink frog blinks!
The blink frog misses you. The blink frog hits you!
* * * LOW HITPOINT WARNING * * *
The blink frog blinks!
You block the blink frog's attack. The blink frog hits you!
* * * LOW HITPOINT WARNING * * *
The blink frog blinks!
You block the blink frog's attack.
Unknown command.
The blink frog blinks! x2
The blink frog hits you.
* * * LOW HITPOINT WARNING * * *
The blink frog blinks!
The blink frog hits you.
* * * LOW HITPOINT WARNING * * *
The blink frog hits you!!
You die...

#§..#.#P.# ## #F#.....
##.####%#..#P.#.
................
###.##§#..#####..# . #...####
#.. ##. ##r.# #.# #.( ## #.FF#
##.###.. #.+##@## #..P #..
#...#.# ##.###.# ##.8...#
#...##.# ..# ##...####
###....... ...######....##.#
###..≈≈≈≈≈..
.............#.#.####...≈≈≈≈≈≈≈.
#....8....#..#.#.....#.≈≈≈≈≈≈≈≈
##..........#.#..##.#.#.≈≈≈≈≈≈≈≈
#.#.8...8.#÷...........≈≈≈≈≈≈≈≈≈


You could see 3 blink frogs and a porcupine.

Vanquished Creatures
  Erica (D:10)
  3 two-headed ogres
  An unseen horror (D:10)
  An orc knight (Bailey)
  An ugly thing (D:10)
  A black mamba (Lair:1)
  A komodo dragon (Lair:1)
  Prince Ribbit (D:5)
  2 hippogriffs
  4 blink frogs (Lair:1)
  7 yaks (D:10)
  Eustachio (D:5)
  A steam dragon (D:9)
  A basilisk (Lair:1)
  2 hungry ghosts
  A water moccasin (Lair:1)
  9 orc warriors
  Duvessa (D:5)
  2 ice beasts
  2 sky beasts
  4 black bears
  A necrophage (D:9)
  2 centaurs
  8 ogres
  3 crocodiles
  A big kobold (D:10)
  Blork the orc (D:4)
  5 bullfrogs
  A wyvern zombie (D:6)
  A scorpion (D:10)
  Dowan (D:5)
  9 killer bees
  A howler monkey (D:4)
  2 crimson imps (D:8)
  A quasit (D:9)
  A bullfrog zombie (D:5)
  3 hounds
  2 bullfrog skeletons
  A centaur zombie (D:5)
  A jelly (D:7)
  8 orc priests
  Crazy Yiuf (D:7)
  Natasha (thrice) (D:4)
  2 centaur skeletons
  2 iguanas
  10 worker ants
  3 orc wizards
  A hound skeleton (D:5)
  A worker ant zombie (D:5)
  5 gnolls
  12 adders
  2 shadow imps
  An ooze (D:1)
  An adder skeleton (D:6)
  4 worms
  4 dart slugs
  8 leopard geckos
  37 orcs
  8 bats
  9 giant cockroaches
  12 goblins
  6 hobgoblins
  10 jackals
  4 quokkas
  7 frilled lizards
  A jackal skeleton (D:4)
  20 kobolds
  A leopard gecko skeleton (D:2)
  2 quokka skeletons
  12 rats
  A fungus (D:7)
290 creatures vanquished.

Notes
Turn   | Place    | Note
-------+----------+-------------------------------------------
     0 | D:1      | KristoblXynda the Draconian Gladiator began the quest for
                  | the Orb.
     0 | D:1      | Reached XP level 1. HP: 17/17 MP: 1/1
    91 | D:1      | Reached XP level 2. HP: 25/25 MP: 2/2
   592 | D:1      | Reached XP level 3. HP: 30/30 MP: 3/3
   911 | D:2      | Found a snail-covered altar of Cheibriados.
   915 | D:2      | Found a deep blue altar of Sif Muna.
  1170 | D:2      | Reached XP level 4. HP: 37/38 MP: 4/4
  2432 | D:4      | Noticed an ogre
  2444 | D:4      | Reached XP level 5. HP: 45/45 MP: 5/5
  2448 | D:4      | Killed an ogre
  2558 | D:4      | Noticed Blork the orc
  2594 | D:4      | Killed Blork the orc
  2594 | D:4      | Reached XP level 6. HP: 10/52 MP: 6/6
  2950 | D:4      | Noticed Natasha
  2962 | D:4      | Killed Natasha
  3489 | D:4      | Noticed Natasha
  3608 | D:4      | Killed Natasha
  3927 | D:4      | Your scales start taking on a lurid green colour.
  3927 | D:4      | Reached XP level 7. HP: 39/60 MP: 7/7
  3927 | D:4      | Gained mutation: Your system is resistant to poisons.
                  | (rPois) [Green Draconian growth]
  4131 | D:4      | Noticed Natasha
  4137 | D:4      | Killed Natasha
  4348 | D:5      | Entered Level 5 of the Dungeon
  4391 | D:5      | Reached skill level 5 in Long Blades
  4602 | D:5      | Reached skill level 5 in Fighting
  4746 | D:5      | Found a staircase to the Ecumenical Temple.
  4753 | D:5      | Noticed Dowan
  4755 | Temple   | Entered the Ecumenical Temple
  4776 | Temple   | Became a worshipper of Warmaster Okawaru
  5052 | D:5      | Noticed Duvessa
  5055 | D:5      | Found Ruaczu's Weapon Emporium.
  5072 | D:5      | Killed Dowan
  5087 | D:5      | Reached skill level 5 in Dodging
  5090 | D:5      | Killed Duvessa
  5090 | D:5      | Reached XP level 8. HP: 41/68 MP: 8/8
  5282 | D:5      | Noticed Eustachio
  5316 | D:5      | Killed Eustachio
  5316 | D:5      | Reached skill level 5 in Throwing
  5534 | D:5      | Reached * piety under Okawaru
  5735 | D:5      | Noticed Prince Ribbit
  5748 | D:5      | Killed Prince Ribbit
  6046 | D:6      | Reached skill level 1 in Invocations
  6281 | D:6      | Learned a level 3 spell: Regeneration
  6309 | D:6      | Reached skill level 1 in Evocations
  6532 | D:6      | Reached ** piety under Okawaru
  6588 | D:6      | Reached XP level 9. HP: 46/74 MP: 10/10
  7528 | D:7      | Found a flagged portal.
  7533 | Bailey   | Entered a bailey
  7544 | Bailey   | Noticed an orc knight
  7888 | Bailey   | Reached skill level 1 in Shields
  8052 | Bailey   | Reached *** piety under Okawaru
  8085 | Bailey   | Killed an orc knight
  8475 | D:7      | Found a runed translucent door.
  8476 | D:7      | Noticed Crazy Yiuf
  8481 | D:7      | Killed Crazy Yiuf
  8852 | D:7      | Found a basalt altar of Yredelemnul.
  8856 | D:7      | Found a sacrificial altar of Ru.
  9053 | D:8      | Received a gift from Okawaru
  9273 | D:8      | Reached XP level 10. HP: 55/81 MP: 13/13
  9366 | D:8      | Noticed a two-headed ogre
  9378 | D:8      | Killed a two-headed ogre
  9403 | D:8      | Found Louloos's Armour Shop.
  9409 | D:8      | Bought a +1 pair of gloves of dexterity for 214 gold pieces
  9501 | D:8      | Found a hazy altar of Hepliaklqana.
  9532 | D:8      | Reached **** piety under Okawaru
  9623 | D:8      | Found a hide-covered altar of Uskayaw.
 10019 | D:9      | Reached skill level 5 in Invocations
 10491 | D:9      | Noticed a two-headed ogre
 10525 | D:9      | Killed a two-headed ogre
 10525 | D:9      | Reached skill level 5 in Evocations
 10793 | D:9      | Found a staircase to the Orcish Mines.
 10842 | D:9      | Reached skill level 1 in Spellcasting
 10857 | D:9      | Reached ***** piety under Okawaru
 11169 | D:9      | Found a white marble altar of Elyvilon.
 11512 | D:10     | Entered Level 10 of the Dungeon
 11516 | D:10     | Found Kueheuh's Armour Emporium.
 11654 | D:10     | Noticed a brown ugly thing
 11722 | D:10     | Killed a brown ugly thing
 11946 | D:10     | Noticed a two-headed ogre
 11973 | D:10     | Killed a two-headed ogre
 11973 | D:10     | Reached XP level 11. HP: 41/86 MP: 15/15
 12295 | D:10     | Noticed Erica
 12327 | D:10     | Killed Erica
 12327 | D:10     | Received a gift from Okawaru
 12821 | D:10     | Noticed an unseen horror
 12883 | D:10     | Killed an unseen horror
 13153 | D:11     | Found a staircase to the Lair.
 13194 | Lair:1   | Entered Level 1 of the Lair of Beasts
 13387 | Lair:1   | Received a gift from Okawaru
 13666 | Lair:1   | Mangled by a blink frog

Levels and vault maps discovered:
D:1:      nzn_arrival_crosshair, layout_basic
D:2:      layout_rooms, grunt_temple_overflow_open, first_ration
D:3:      layout_basic
D:4:      layout_basic, corexii_item_surrounded_by_moat, uniq_blork_the_orc,
          uniq_natasha
D:5:      minmay_opposing_rooms, layout_loops_ring, minmay_temple_entry_tees,
          serial_shops, nicolae_shop_window_shopping, serial_bayou_crossing,
          uniq_duvessa, uniq_prince_ribbit1, uniq_eustachio
D:6:      layout_cave_pods
D:7:      layout_basic, minitemple, enter_bailey_3, uniq_crazy_yiuf_cottage
D:8:      layout_loops_ring, lemuel_crystal_altar, kennysheep_little_box,
          serial_shops, nicolae_shop_statue_plus
D:9:      layout_small_grid, orc_david_3, basic_altar,
          chequers_serial_rivers_small_3
D:10:     layout_long_grid, serial_shops, shop, blue_anna_alchemist
          [blue_anna_fruit_fields, blue_anna_fruit_fields], uniq_erica
D:11:     layout_long_grid, lair_entry_dummy, uniq_snorg
Temple:   regret_index_temple_sphere_string
Lair:1:   lemuel_slime, layout_loops_ring, grunt_megastairs_4,
          lemuel_fruit_tree, infiniplex_staircase_pool

Skill      XL: |  1  2  3  4  5  6  7  8  9 10 11 |
---------------+----------------------------------+-----
Throwing       | 2 3 4 5 6 7 |  7.1
Dodging        | 3 4 5 6 7 8 9 |  9.1
Fighting       | 3 4 5 |  5.0
Long Blades    | 4 5 6 7 9 |  9.9
Invocations    | 1 4 5 |  5.5
Evocations     | 1 4 5 |  5.3
Shields        | 3 4 |  4.2
Spellcasting   | 2 4 |  4.4

Action                   |  1- 3 |  4- 6 |  7- 9 | 10-12 || total
-------------------------+-------+-------+-------+-------++-------
Melee: Long sword        |    82 |   143 |   179 |       ||   404
       Tailslap          |    13 |    25 |    67 |    76 ||   181
       Scimitar          |       |       |   145 |   324 ||   469
Throw: Boomerang         |       |       |    44 |    51 ||    95
 Abil: Evoke Flight      |       |     1 |     4 |       ||     5
       Breathe Noxious F |       |       |    13 |    19 ||    32
       Evoke Berserk Rag |       |       |     2 |       ||     2
Evoke: Wand              |       |       |     1 |     3 ||     4
  Use: Scroll            |       |     2 |    12 |     8 ||    22
       Potion            |       |     2 |       |       ||     2
 Stab: Sleeping          |     6 |     5 |     2 |     4 ||    17
       Distracted        |     1 |     1 |     2 |       ||     4
       Confused          |       |       |    16 |     6 ||    22
  Eat: Chunk             |     1 |     9 |    17 |    12 ||    39
       Ration            |       |       |     2 |     2 ||     4
Armor: Skin              |    27 |    33 |    64 |    68 ||   192
Dodge: Dodged            |    71 |   110 |   258 |   277 ||   716
Block: Buckler           |       |       |    30 |   107 ||   137
       Rpst.: Long sword |    19 |    29 |    45 |       ||    93
       Scimitar          |       |       |    26 |    81 ||   107

Table legend:
 A = Non-vault XP
 B = Vault XP
 C = Vault XP percentage of total XP
 D = Non-vault monster count
 E = Vault monster count
 F = Vault count percentage of total count
                 A         B        C        D         E       F
            +---------+---------+-------+---------+---------+-------
      Total |   13581 |    4302 |  24.1 |     234 |      55 |  19.0
            +---------+---------+-------+---------+---------+-------
        D:1 |      48 |       0 |   0.0 |      25 |       0 |   0.0
        D:2 |      60 |       0 |   0.0 |      19 |       0 |   0.0
        D:3 |      80 |       0 |   0.0 |      26 |       0 |   0.0
        D:4 |     538 |     131 |  19.6 |      21 |       2 |   8.7
        D:5 |     495 |     961 |  66.0 |      15 |      10 |  40.0
        D:6 |    1089 |       0 |   0.0 |      29 |       0 |   0.0
        D:7 |     590 |      45 |   7.1 |      18 |       5 |  21.7
        D:8 |    1604 |       0 |   0.0 |      23 |       0 |   0.0
        D:9 |    1840 |     491 |  21.1 |       9 |       7 |  43.8
       D:10 |    4526 |     997 |  18.1 |      36 |       2 |   5.3
       D:11 |     602 |       0 |   0.0 |       4 |       0 |   0.0
     Lair:1 |    2109 |     577 |  21.5 |       9 |       2 |  18.2
     Bailey |       0 |    1100 | 100.0 |       0 |      27 | 100.0
            +---------+---------+-------+---------+---------+-------
